 Dungeon Crawl Stone Soup version 0.19.1 (webtiles) character file.

64898 Gargoyl the Cleaver (level 15, -3/128 HPs)
             Began as a Ghoul Abyssal Knight on Dec 19, 2016.
             Was the Champion of Lugonu.
             Slain by a stone giant (26 damage)
             ... on level 1 of the Orcish Mines on Dec 20, 2016.
             The game lasted 00:59:15 (20947 turns).

Gargoyl the Cleaver (Ghoul Abyssal Knight)         Turns: 20947, Time: 00:59:16

Health: -3/128     AC: 20    Str: 24    XL:     15   Next: 14%
Magic:  15/23      EV: 14    Int:  7    God:    Lugonu [******]
Gold:   2248       SH:  8    Dex: 10    Spells: 0 memorised, 14 levels left

rFire  + . .     SeeInvis .     y - +0 trident
rCold  + + .     Gourm    .     j - +1 chain mail {rC+}
rNeg   + + +     Faith    .     d - +3 buckler of the Orb {-Cast rF+ Str+3 Slay+5}
rPois  ∞         Spirit   .     s - +2 helmet
rElec  .         Reflect  .     (no cloak)
rCorr  +         Harm     .     m - +2 pair of gloves
MR     +....     NoCast   +     (no boots)
Stlth  ..........               D - amulet of magic regeneration
                                H - +4 ring of evasion
                                p - ring of resist corrosion

@: rotting, studying Invocations
A: rotting body, claws 1, carnivore 3, cold resistance 1, negative energy
resistance 3, slow regeneration 1, torment resistance, unbreathing
a: Depart the Abyss, Bend Space, Banish, Corrupt, Enter the Abyss, Brand Weapon
With Distortion, Renounce Religion


You were on level 1 of the Orcish Mines.
You worshipped Lugonu.
Lugonu was exalted by your worship.
You were not hungry.

You visited 3 branches of the dungeon, and saw 19 of its levels.
You visited the Abyss 1 time.

You collected 2248 gold pieces.

Inventory:

Hand Weapons
 e - a +2 hand axe of chopping
 i - a +0 broad axe
 x - a +6 war axe of chaos
 y - a +0 trident (weapon)
 E - a +0 war axe
 F - a +1 hand axe of flaming
Armour
 d - the +3 buckler of the Orb (worn) {-Cast rF+ Str+3 Slay+5}
   (You found it on level 11 of the Dungeon)

   It affects your strength (+3).
   It affects your accuracy and damage with ranged weapons and melee attacks
   (+5).
   It protects you from fire.
   It prevents spellcasting.
 j - a +1 chain mail of cold resistance (worn)
 m - a +2 pair of gloves (worn)
 s - a +2 helmet (worn)
Jewellery
 p - a ring of resist corrosion (left hand)
 D - an amulet of magic regeneration (around neck)
 H - a +4 ring of evasion (right hand)
Wands
 f - a wand of lightning (8/15)
 q - a wand of slowing (15/48)
 u - a wand of random effects (35/48)
 w - a wand of random effects (32/48)
 C - a wand of lightning (0/15)
 G - a wand of confusion (32/48)
 I - a wand of slowing (31/48)
 J - a wand of iceblast (8/15)
 K - a wand of iceblast (7/15)
 L - a wand of random effects (22/48)
 M - a wand of iceblast (7/15)
 N - a wand of acid (10/15)
 Q - a wand of disintegration (16/24)
Scrolls
 b - 2 scrolls of amnesia
 g - a scroll of fog
 n - 4 scrolls of teleportation
 r - 13 scrolls of remove curse
 v - 3 scrolls of magic mapping
 O - a scroll of identify
Potions
 h - a potion of resistance
 l - 3 potions of curing
 o - 5 potions of haste
 t - 3 potions of brilliance
 A - a potion of ambrosia
Books
 k - a book of Clouds

   Spells                             Type                      Level
   a - Mephitic Cloud                 Conjuration/Poison/Air       3
   b - Conjure Flame                  Conjuration/Fire             3
   c - Poisonous Cloud                Conjuration/Poison/Air       6
   d - Freezing Cloud                 Conjuration/Ice/Air          6
   e - Ring of Flames                 Charms/Fire                  7
 z - a book of Cantrips

   Spells                             Type                      Level
   a - Confusing Touch                Hexes                        1
   b - Animate Skeleton               Necromancy                   1
   c - Summon Small Mammal            Summoning                    1
   d - Apportation                    Translocation                1
 P - a manual of Invocations
Comestibles
 a - 9 slices of pizza
 c - 8 meat rations


   Skills:
 + Level 10.9 Fighting
 + Level 13.9 Axes
 + Level 0.3(9.2) Polearms
 * Level 12.8 Armour
 + Level 4.0 Dodging
 + Level 5.1 Shields
 * Level 12.4 Invocations
 + Level 1.8 Evocations


You had 14 spell levels left.
You didn't know any spells.

Dungeon Overview and Level Annotations

Branches:
Dungeon (11/15)            Temple (0/1) D:7            Lair (6/6) D:11
  Swamp (0/4) Lair:3        Snake (0/4) Lair:2        Slime (0/5) Lair:6
    Orc (2/2) D:11            Elf (0/3) Orc:2

Altars:
Makhleb
Ru
Trog

Shops:
D:7 [*

Portals:
Hell: Lair:6

Annotations:
Abyss:1 Josephine


Innate Abilities, Weirdness & Mutations

Your body is rotting away.
You thrive on raw meat.
You are immune to poison.
You have sharp fingernails.
You are carnivorous and can eat meat at any time.
Your flesh is cold resistant. (rC+)
You are immune to negative energy. (rN+++)
You regenerate slowly when monsters are visible.
You are immune to unholy pain and torment.
You can survive without breathing.


Message History

The stone giant is moderately wounded.
The stone giant hits you!
You hit the stone giant but do no damage.
The stone giant is lightly wounded.
You hit the stone giant.
The stone giant is moderately wounded.
You block the stone giant's attack.
You hit the stone giant but do no damage.
The stone giant is moderately wounded.
The stone giant hits you!!
* * * LOW HITPOINT WARNING * * *
Press: ? - help, Shift-Dir - straight line, f - stone giant
Aim: a stone giant (moderately wounded, chance to defeat MR: 42%)
The stone giant resists with some effort.
You feel somewhat more hungry. You block the stone giant's attack.
Press: ? - help, Shift-Dir - straight line, f/p - stone giant
Aim: a stone giant (moderately wounded, chance to defeat MR: 42%)
The stone giant resists with some effort.
You feel somewhat more hungry. The stone giant hits you!!
You die...

### ### #### ##.## #.## #..#
#...## ###..# ...## #....##
#....### ..<)### ####.....##
###......##
.....)###.........###.........##
.....).##....))....##..........##
......)###....)(................#
...))[.........[@..............#.
##.[[[......##.#C........#.....##
####.(......#####.......###.....#
###[.........##..........##......
.[[[....#...............##......#
....>#.##.........##............#
.....#####.........#...........##
....#.# #.........###.......####
..#.### ##......### ###......#


You could see a stone giant.

Vanquished Creatures
  Gastronok (D:11)
  A dire elephant (Lair:6)
  11 hydras
  7 death yaks
  A fire crab (Lair:4)
  A shadow demon (Lair:6)
  A wizard (Lair:6)
  5 hill giants
  2 orc knights (Orc:1)
  An oklob plant (Lair:2)
  7 orc sorcerers
  A cyclops (Orc:2)
  8 elephants (Lair:5)
  Joseph (D:7)
  Psyche (D:11)
  5 black mambas
  A guardian serpent (Lair:2)
  3 orange demons (Lair:6)
  7 spiny frogs
  6 rime drakes
  4 ice devils (Lair:6)
  2 red devils (Lair:6)
  3 komodo dragons
  A hellwing (Lair:6)
  4 polar bears
  2 trolls
  A hornet (Orc:1)
  15 dream sheep
  7 hippogriffs
  13 blink frogs
  The ghost of asegelite the Sneak, an amateur OpTm of Dithmenos (D:4)
  3 wyverns
  4 wraiths
  35 yaks
  2 basilisks
  A mottled dragon (Lair:6)
  A swamp worm (Lair:3)
  A soldier ant (D:6)
  2 hell hounds (D:11)
  13 water moccasins
  9 porcupines
  26 orc warriors
  6 ice beasts
  2 eyes of draining (D:9)
  3 sky beasts
  A black bear (D:7)
  8 ogres
  A phantom (D:10)
  6 wolves (Lair:3)
  3 centaurs
  14 crocodiles
  4 big kobolds
  20 bullfrogs
  A big kobold (shapeshifter) (Orc:1)
  2 gnoll sergeants
  5 scorpions
  A killer bee (D:10)
  5 wights (D:7)
  5 howler monkeys
  A centaur zombie (D:11)
  2 electric eels (Lair:6)
  4 crimson imps
  5 hounds
  A bullfrog zombie (D:11)
  21 orc priests
  A bullfrog skeleton (D:10)
  3 jellies
  3 centaur skeletons
  Ijyb (D:2)
  Natasha (D:3)
  2 iguanas (D:7)
  35 orc wizards
  5 hell rats (Lair:4)
  7 worker ants
  3 hound skeletons
  Robin (D:2)
  13 gnolls
  13 adders
  3 shadow imps
  An ooze (D:2)
  An adder skeleton (D:9)
  4 worms
  2 dart slugs
  5 leopard geckos
  94 orcs
  A ball python (D:1)
  7 giant cockroaches
  18 goblins
  9 hobgoblins
  10 jackals
  15 kobolds
  3 quokkas
  12 bats
  7 frilled lizards
  5 rats (D:3)
  4 fungi
  4 plants
635 creatures vanquished.

Vanquished Creatures (others)
  An ettin (Orc:1)
  The ghost of GordonOverkill the Cleaver, a novice MiBe of Trog (D:10)
  A manticore (D:7)
  A komodo dragon (Lair:3)
  A water moccasin (Lair:2)
  An orc warrior (D:8)
  11 fungi
  2 plants
19 creatures vanquished.

Grand Total: 654 creatures vanquished

Notes
Turn   | Place    | Note
-------+----------+-------------------------------------------
     0 | Abyss:1  | Gargoyl the Ghoul Abyssal Knight began the quest for the Orb.
     0 | Abyss:1  | Reached XP level 1. HP: 19/19 MP: 1/1
    59 | Abyss:1  | Noticed an orange demon
    74 | Abyss:1  | Noticed a wraith
   100 | D:1      | Escaped the Abyss
   198 | D:1      | Reached XP level 2. HP: 18/26 MP: 2/2
   217 | D:1      | Reached skill level 2 in Axes
   426 | D:1      | Reached * piety under Lugonu
   671 | D:1      | Reached XP level 3. HP: 33/33 MP: 3/3
   836 | D:2      | Noticed Robin
   896 | D:2      | Killed Robin
   951 | D:2      | Reached skill level 1 in Dodging
  1039 | D:2      | Reached XP level 4. HP: 40/40 MP: 4/4
  1073 | D:2      | Reached ** piety under Lugonu
  1222 | D:2      | Noticed Ijyb
  1235 | D:2      | Killed Ijyb
  1482 | D:2      | Reached XP level 5. HP: 38/45 MP: 4/6
  1515 | D:2      | Reached skill level 3 in Axes
  1778 | D:3      | Found a sacrificial altar of Ru.
  1998 | D:3      | Reached XP level 6. HP: 42/52 MP: 7/7
  2455 | D:3      | Reached *** piety under Lugonu
  3057 | D:4      | Noticed Natasha
  3057 | D:4      | Noticed asegelite's ghost (amateur OpTm)
  3202 | D:3      | Killed Natasha
  3202 | D:3      | Reached skill level 4 in Axes
  3202 | D:3      | Reached XP level 7. HP: 60/60 MP: 8/8
  3228 | D:4      | Killed asegelite's ghost
  3582 | D:5      | Entered Level 5 of the Dungeon
  3955 | D:5      | Reached XP level 8. HP: 62/67 MP: 10/10
  4468 | D:6      | Reached skill level 5 in Axes
  4475 | D:6      | Reached skill level 5 in Armour
  4530 | D:6      | Reached skill level 5 in Fighting
  4674 | D:6      | Reached skill level 5 in Invocations
  4706 | D:6      | Reached skill level 1 in Shields
  5120 | D:6      | Reached skill level 6 in Axes
  5189 | D:7      | Noticed Joseph
  5231 | D:6      | Reached **** piety under Lugonu
  5265 | D:6      | Reached XP level 9. HP: 23/74 MP: 12/12
  5560 | D:7      | Killed Joseph
  5823 | D:7      | Noticed a manticore
  5859 | D:7      | Banished a manticore
  6153 | D:7      | Found a staircase to the Ecumenical Temple.
  6188 | D:7      | Found Eraug's Antique Armour Shoppe.
  6198 | D:7      | Found Erixt's Assorted Antiques.
  6309 | D:7      | Reached skill level 7 in Axes
  6610 | D:7      | Reached XP level 10. HP: 83/83 MP: 13/13
  7690 | D:8      | Reached skill level 8 in Axes
  7744 | D:8      | Noticed a three-headed hydra
  7751 | D:8      | Killed a one-headed hydra
  8097 | D:9      | Reached ***** piety under Lugonu
  8097 | D:9      | Reached skill level 9 in Axes
  8638 | D:9      | Reached XP level 11. HP: 83/90 MP: 15/15
  9081 | D:9      | Found a bloodstained altar of Trog.
  9111 | D:10     | Entered Level 10 of the Dungeon
  9129 | D:10     | Noticed a hill giant
  9141 | D:10     | Killed a hill giant
  9331 | D:10     | Noticed GordonOverkill's ghost (novice MiBe)
  9367 | D:10     | Banished GordonOverkill's ghost
  9881 | D:10     | Noticed a hill giant
  9894 | D:10     | Killed a hill giant
 10026 | D:10     | Noticed a hill giant
 10037 | D:10     | Killed a hill giant
 10263 | D:10     | Found a burning altar of Makhleb.
 10280 | D:11     | Noticed Josephine
 10295 | D:10     | Banished Josephine
 10295 | D:10     | Reached skill level 10 in Axes
 10528 | D:10     | HP: 4/92 [wraith[Josephine] (6)]
 10869 | D:11     | Noticed a hill giant
 10871 | D:11     | Reached skill level 1 in Evocations
 10873 | D:11     | Got a warped buckler
 10888 | D:10     | Identified the +3 buckler of the Orb {-Cast rF+ Str+3 Slay+5} (You found it on level 11 of the Dungeon)
 10985 | D:11     | Killed a hill giant
 10993 | D:11     | Found a staircase to the Lair.
 11010 | D:11     | Noticed Gastronok
 11297 | D:11     | Killed Gastronok
 11297 | D:11     | Reached skill level 10 in Armour
 11297 | D:11     | Reached XP level 12. HP: 100/100 MP: 17/17
 11475 | D:11     | Noticed Psyche
 11481 | D:11     | Killed Psyche
 11693 | D:11     | Found a staircase to the Orcish Mines.
 12381 | Lair:1   | Entered Level 1 of the Lair of Beasts
 12583 | Lair:1   | Reached skill level 11 in Axes
 13323 | Lair:2   | Noticed a five-headed hydra
 13331 | Lair:2   | Killed a one-headed hydra
 13630 | Lair:2   | Found a staircase to the Snake Pit.
 13976 | Lair:2   | Reached XP level 13. HP: 105/110 MP: 19/19
 14011 | Lair:2   | Reached ****** piety under Lugonu
 14704 | Lair:3   | Reached skill level 12 in Axes
 14704 | Lair:3   | Reached skill level 10 in Invocations
 14965 | Lair:3   | Found a staircase to the Swamp.
 16129 | Lair:5   | Reached XP level 14. HP: 113/119 MP: 21/21
 16270 | Lair:5   | Reached skill level 10 in Fighting
 16633 | Lair:6   | Entered Level 6 of the Lair of Beasts
 16793 | Lair:6   | Noticed a dire elephant
 16804 | Lair:6   | Killed a dire elephant
 17305 | Lair:6   | Reached skill level 13 in Axes
 17837 | Lair:6   | Found a staircase to the Slime Pits.
 18242 | Lair:6   | Found a burning altar of Makhleb.
 18314 | Lair:6   | Found a gateway to Hell.
 18916 | Orc:1    | Entered Level 1 of the Orcish Mines
 19142 | Orc:1    | Reached skill level 5 in Shields
 19591 | Orc:2    | Entered Level 2 of the Orcish Mines
 19591 | Orc:2    | Found a staircase to the Elven Halls.
 19880 | Orc:2    | Reached XP level 15. HP: 100/128 MP: 23/23
 20947 | Orc:1    | Slain by a stone giant

Skill      XL: |  1  2  3  4  5  6  7  8  9 10 11 12 13 14 15 |
---------------+----------------------------------------------+-----
Armour         | 2 3 4 6 7 8 10 11 12 | 12.8
Axes           | 2 3 4 6 7 9 10 11 12 13 | 13.9
Dodging        | 1 2 3 4 |  4.0
Fighting       | 4 5 6 7 8 9 10 | 10.9
Invocations    | 3 4 5 6 7 8 9 10 12 | 12.4
Shields        | 1 2 3 4 5 |  5.1
Evocations     | 1 |  1.8
Polearms       | |  0.3

Action                   |  1- 3 |  4- 6 |  7- 9 | 10-12 | 13-15 || total
-------------------------+-------+-------+-------+-------+-------++-------
Melee: Hand axe          |    98 |   257 |    57 |    17 |    67 ||   496
       War axe           |       |       |   333 |   706 |   661 ||  1700
       Trident           |       |       |       |       |    18 ||    18
Invok: Depart the Abyss  |     1 |       |       |       |       ||     1
       Banish            |       |       |     1 |     2 |     4 ||     7
       Bend Space        |       |       |       |     1 |     4 ||     5
Evoke: Wand              |       |       |       |    15 |     3 ||    18
  Use: Scroll            |     2 |       |    18 |    11 |     6 ||    37
       Potion            |       |       |     3 |     7 |     2 ||    12
 Stab: Paralysed         |       |       |       |     8 |    12 ||    20
       Confused          |       |       |       |     1 |     3 ||     4
       Petrifying        |       |       |       |     1 |     3 ||     4
       Petrified         |       |       |       |       |     5 ||     5
  Eat: Chunk             |    12 |    33 |    51 |    98 |   168 ||   362
       Meat ration       |       |       |       |     3 |     1 ||     4
       Royal jelly       |       |       |       |     1 |       ||     1
Armor: Leather armour    |    22 |       |       |       |       ||    22
       Chain mail        |    79 |   244 |   203 |   345 |   318 ||  1189
Dodge: Dodged            |    49 |    87 |   203 |   372 |   391 ||  1102
Block: Buckler           |       |    10 |    56 |   155 |   261 ||   482
